 Dungeon Crawl Stone Soup version 0.32-a0-732-ga344392067 (webtiles) character file.

Game seed: 16718819416379775374

39 runemasterragnar the Grasshopper (level 3, 0/28 HPs)
             Began as a Coglin Warper on Mar 16, 2024.
             Succumbed to an adder's poison
             ... on level 2 of the Dungeon on Mar 17, 2024.
             The game lasted 00:03:13 (888 turns).

runemasterragnar the Grasshopper (Coglin Warper)     Turns: 888, Time: 00:03:14

Health: 0/28       AC:  6    Str: 13    XL:     3   Next: 47%
Magic:  6/6        EV:  8    Int: 12    God:
Gold:   41         SH:  0    Dex: 13    Spells: 6/6 levels left

rFire   . . .        a - +0 spear {Qiuyue}
rCold   . . .        e - +0 dagger {Gunther}
rNeg    . . .        k - +0 scale mail
rPois   .            (no helmet)
rElec   .            (no cloak)
rCorr   .            (no gloves)
SInv    .            (no boots)
Will    .....        (amulet unavailable) Stlth
                     (ring unavailable)
HPRegen 0.24/turn    (ring unavailable)
MPRegen 0.10/turn    (no gizmo)

%: no passive effects
@: lethally poisoned (0 -> -1), revved
A: off-hand wielding, slow wielding, warmup strikes, no jewellery
a: Invent Gizmo


You were on level 2 of the Dungeon.
You visited 1 branch of the dungeon, and saw 2 of its levels.

You collected 41 gold pieces.

Inventory:

Hand Weapons
 a - a +0 spear (weapon) {Qiuyue}
 e - a +0 dagger (offhand) {Gunther}
Missiles
 d - 7 darts of dispersal (quivered)
 j - 3 curare-tipped darts
Armour
 b - a +0 leather armour
 k - a +0 scale mail (worn)
Scrolls
 c - a scroll of blinking
 g - a scroll of revelation {unknown}
 h - a scroll of teleportation {unknown}
 i - 2 scrolls of identify {unknown}
Potions
 f - a potion of might {unknown}


   Skills:
 + Level 2.3 Fighting
 + Level 2.1 Polearms
 + Level 1.4 Throwing
 + Level 1.3 Armour
 - Level 1.8 Dodging
 + Level 2.0 Spellcasting
 + Level 3.2 Translocations


You had 6 spell levels left.
You didn't know any spells.
Your spell library contained the following spells:

 Spells                   Type           Power      Damage    Failure   Level
 Blink                    Tloc           18%        N/A       45%         2
 Lesser Beckoning         Tloc           18%        N/A       45%         2
 Teleport Other           Tloc           9%         N/A       69%         3
 Manifold Assault         Tloc           9%         N/A       97%         4
 Vhi's Electric Charge    Tloc/Air       10%        N/A       100%        4


Dungeon Overview and Level Annotations

Branches:
Dungeon (2/15)

Altars:


Innate Abilities, Weirdness & Mutations

You can wield a second weapon in your off-hand.
It takes a long time for you to wield or remove held weapons.
Your first few attacks do less damage.
You cannot equip rings or amulets.


Message History

You hit the adder with your +0 spear.
You feel sick. The adder barely misses you.
You completely miss the adder with your +0 spear.
The adder is almost dead.
You closely miss the adder with your +0 dagger.
You feel sick. The adder bites you.
You are more poisoned.
The adder poisons you!
You barely miss the adder with your +0 spear.
The adder is almost dead.
You hit the adder with your +0 dagger.
You feel sick. The adder bites you.
* * * LOW HITPOINT WARNING * * *
The adder bites you but does no damage.
You closely miss the adder with your +0 dagger.
The adder is almost dead.
You barely miss the adder with your +0 spear.
* * * LOW HITPOINT WARNING * * *
You feel sick. The adder bites you but does no damage.
You closely miss the adder with your +0 dagger.
The adder is almost dead.
You hit the adder but do no damage.
* * * LOW HITPOINT WARNING * * *
You feel sick. The adder closely misses you.
You closely miss the adder with your +0 spear.
The adder is almost dead.
You hit the adder but do no damage.
* * * LOW HITPOINT WARNING * * *
You feel sick. The adder bites you but does no damage.
The adder barely misses you.
Unknown command.
You closely miss the adder with your +0 spear.
The adder is almost dead.
You hit the adder but do no damage.
* * * LOW HITPOINT WARNING * * *
You feel sick. The adder closely misses you.
You hit the adder with your +0 spear.
You kill the adder!
* * * LOW HITPOINT WARNING * * *
You feel sick.
You die...

#.# #.#.#. #.#
#.#.#. #.# #...#.
#.# #####'
#.#####.## #..
#........## #..
..........# ##.
#..###...#########
#. #.
##...@......# ##
#..#######.#
.....# ####+##


There were no monsters in sight!

Vanquished Creatures
  An adder (D:2)
  6 ball pythons
  A bat (D:1)
  2 endoplasms (D:1)
  2 giant cockroaches
  4 hobgoblins
  4 quokkas (D:1)
  2 goblins
  7 rats
29 creatures vanquished.

Notes
Turn   | Place    | Note
-------+----------+-------------------------------------------
     0 | D:1      | runemasterragnar the Coglin Warper began the quest for the
                  | Orb.
     0 | D:1      | Reached XP level 1. HP: 16/16 MP: 3/3
    50 | D:1      | Reached skill level 1 in Throwing
    55 | D:1      | Reached skill level 1 in Armour
    62 | D:1      | Reached XP level 2. HP: 16/22 MP: 4/4
   640 | D:2      | Reached XP level 3. HP: 27/27 MP: 5/5
   887 | D:2      | HP: 1/27 [poisoned by an adder]
   888 | D:2      | Succumbed to an adder's poison

Illustrated notes

Levels and vault maps discovered:
D:1:      minmay_arrival_wavy_path, layout_rooms, ebering_dispersal_statue_hall,
          eino_curves_01, bh_walls_and_bars
D:2:      layout_loops_corners, ebering_ecumenical_altar_hall,
          roderic_serpentine_path

Skill      XL: |  1  2  3 |
---------------+----------+-----
Throwing       | 1 |  1.4
Armour         | 1 |  1.3
Polearms       | 2 |  2.1
Spellcasting   | 2 |  2.0
Fighting       | |  2.3
Dodging        | |  1.8
Translocations | |  3.2

Action                     || total
---------------------------++-------
  Melee: Spear             ||    78
         Dagger            ||    67
   Stab: Distracted        ||     1
 Armour: Leather armour    ||    24
         Scale mail        ||    33
  Dodge: Dodged            ||    31

Table legend: (Time is in decaauts)
 A = Elapsed time spent in this place.
 B = Non-inter-level travel time spent in this place.
 C = Inter-level travel time spent in this place.
 D = Time resting spent in this place.
 E = Time spent auto-exploring this place.
 F = Levels seen in this place.
 G = Mean time per level.
                   A        B        C        D        E       F      G
               +--------+--------+--------+--------+--------+-----+--------+
         Total |    887 |    862 |     25 |      0 |    667 |   2 |  443.5 |
       Dungeon |    887 |    862 |     25 |      0 |    667 |   2 |  443.5 |
               +--------+--------+--------+--------+--------+-----+--------+

Top non-repeatable levels by time:
     D:1: 630 daAuts
     D:2: 257 daAuts
